 Dungeon Crawl Stone Soup version 0.25-a0-597-gb30770a0c0 (webtiles) character file.

Game seed: 5178236631593242129, levelgen mode: deterministic

4 Roikka the Caller (level 1, -3/10 HPs)
             Began as a Kobold Summoner on Mar 15, 2020.
             Slain by a kobold
             ... wielding a +0 whip
              (6 damage)
             ... on level 1 of the Dungeon.
             The game lasted 00:01:39 (490 turns).

Roikka the Caller (Kobold Summoner)                  Turns: 490, Time: 00:01:40

Health: -3/10      AC:  2    Str:  5    XL:     1   Next: 77%
Magic:  1/3        EV: 15    Int: 16    God:
Gold:   15         SH:  0    Dex: 15    Spells: 3/4 levels left

rFire    . . .     SeeInvis .   d - +0 club
rCold    . . .     Gourm    .   (shield restricted)
rNeg     . . .     Faith    .   a - +0 robe
rPois    .         Spirit   .   (no helmet)
rElec    .         Reflect  .   (no cloak)
rCorr    .         Harm     .   (no gloves)
MR       .....                  (no boots)
Stlth    ++........             (no amulet)
HPRegen  0.03/turn              (no ring)
MPRegen  0.08/turn              (no ring)

@: very slightly contaminated
A: small, carnivore
a: no special abilities


You were on level 1 of the Dungeon.
You were very full.

You visited 1 branch of the dungeon, and saw 1 of its levels.

You collected 15 gold pieces.

Inventory:

Hand Weapons
 d - a +0 club (weapon)
Armour
 a - a +0 robe (worn)
Scrolls
 b - a scroll of magic mapping {unknown}
Comestibles
 c - a ration


   Skills:
 + Level 2.5 Dodging
 * Level 3.0 Stealth
 + Level 2.2 Spellcasting
 + Level 4.0 Summonings


You had 3 spell levels left.
You knew the following spells:

 Your Spells              Type           Power        Failure   Level  Hunger
a - Summon Small Mammal   Summ           ##..         3%          1    #......

Your spell library contained the following spells:

 Spells                   Type           Power        Failure   Level  Hunger
 Call Imp                 Summ           ##......     6%          2    ###....
 Call Canine Familiar     Summ           ##......     12%         3    ###....
 Summon Guardian Golem    Hex/Summ       #.......     26%         3    ###....
 Summon Ice Beast         Ice/Summ       #.......     65%         4    #####..
 Summon Lightning Spire   Summ/Air       #.......     65%         4    #####..


Dungeon Overview and Level Annotations

Branches:
Dungeon (1/15)

Altars:


Innate Abilities, Weirdness & Mutations

You are small and have problems with some larger weapons.
You are carnivorous and can eat meat at any time.


Message History

Your quokka closely misses the kobold.
The kobold closely misses you.
You barely miss the kobold. Your quokka misses the kobold.
The kobold hits you but does no damage.
Your quokka closely misses the kobold.
Casting: Summon Small Mammal (safe; 3% risk of failure)
Confirm with . or Enter, or press ? or * to list all spells.
The kobold hits you with a +0 whip.
Your quokka closely misses the kobold.
You miss the kobold.
Your quokka closely misses the kobold.
The kobold misses you.
You hit the kobold but do no damage.
Your quokka barely misses the kobold.
The kobold barely misses you.
Your quokka bites the kobold.
The kobold hits you with a +0 whip.
* * * LOW HITPOINT WARNING * * *
Your quokka barely misses the kobold.
Your quokka misses the kobold.
Your quokka bites the kobold but does no damage.
The kobold throws a stone.
The stone closely misses you.
Your quokka closely misses the kobold.
Your quokka barely misses the kobold.
The kobold hits you with a +0 whip.
Ouch! That really hurt!
You die...

#.. . #.##. #...
#######..# ### .....#..
... ######
#.##.#.##.###.
.....######.##.#K.......
............(((r@r......
.....#.#.#...#...[..###.
.........[.......#..#
...........$...?....#
####.#.#.#..#.##.#....
.........#..#!##.##.###
#........#..#.).(. .#
.........#+#....... #
..................


You could see a kobold and 2 friendly quokkas.

Vanquished Creatures
  A bat (D:1)
1 creature vanquished.

Vanquished Creatures (collateral kills)
  A bat (D:1)
  A giant cockroach (D:1)
  A goblin (D:1)
  A hobgoblin (D:1)
  A frilled lizard (D:1)
5 creatures vanquished.

Grand Total: 6 creatures vanquished

Notes
Turn   | Place    | Note
-------+----------+-------------------------------------------
     0 | D:1      | Roikka the Kobold Summoner began the quest for the Orb.
     0 | D:1      | Reached XP level 1. HP: 10/10 MP: 3/3
   490 | D:1      | Slain by a kobold

Levels and vault maps discovered:
D:1:      minmay_arrival_cross, layout_basic, minmay_pentomino_u4

Skill      XL: |  1 |
---------------+----+-----
Stealth        | 3 |  3.0
Dodging        | |  2.5
Spellcasting   | |  2.2
Summonings     | |  4.0

Action                   || total
-------------------------++-------
Melee: Unarmed           ||    13
       Club              ||     8
 Cast: Summon Small Mamm ||    12
 Stab: Sleeping          ||     1
  Eat: Chunk             ||     6
Armor: Robe              ||     3
Dodge: Dodged            ||    25

Table legend:
 A = Non-vault XP
 B = Vault XP
 C = Vault XP percentage of total XP
 D = Non-vault monster count
 E = Vault monster count
 F = Vault count percentage of total count
                 A         B        C        D         E       F
            +---------+---------+-------+---------+---------+-------
      Total |       7 |       0 |   0.0 |       6 |       0 |   0.0
            +---------+---------+-------+---------+---------+-------
        D:1 |       7 |       0 |   0.0 |       6 |       0 |   0.0
            +---------+---------+-------+---------+---------+-------
